 Dungeon Crawl Stone Soup version 0.29-a0-322-g68df515428 (webtiles) character file.

Game seed: 11983595353206416629

9 GigaChad the Insei (level 1, 0/15 HPs)
             Began as a Demigod Transmuter on Apr 6, 2022.
             Slain by a dart slug (1 damage)
             ... on level 1 of the Dungeon.
             The game lasted 00:01:17 (191 turns).

GigaChad the Insei (Demigod Transmuter)              Turns: 191, Time: 00:01:17

Health: 0/15       AC:  8    Str: 11    XL:     1   Next: 86%
Magic:  6/6        EV:  5    Int: 15    God:
Gold:   29         SH:  0    Dex: 14    Spells: 3/4 levels left

rFire   . . .      SeeInvis .   c - +0 falchion
rCold   . . .      Faith    .   (no shield)
rNeg    . . .      Spirit   .   d - +0 chain mail
rPois   .          Reflect  .   (no helmet)
rElec   .          Harm     .   (no cloak)
rCorr   .          Rampage  .   (no gloves)
Will    .....                   (no boots)
Stlth   ..........              (no amulet)
HPRegen 0.05/turn               (no ring)
MPRegen 0.10/turn               (no ring)

@: no status effects
A: high MP 1, forlorn, divine attributes
a: no special abilities


You were on level 1 of the Dungeon.
You visited 1 branch of the dungeon, and saw 1 of its levels.

You collected 29 gold pieces.

Inventory:

Hand Weapons
 c - a +0 falchion (weapon)
Armour
 a - a +0 robe
 d - a +0 chain mail (worn)
Potions
 b - 2 potions of lignification


   Skills:
 + Level 0.8 Fighting
 + Level 0.1 Long Blades
 + Level 1.8 Dodging
 + Level 2.9 Unarmed Combat
 + Level 2.1 Spellcasting
 + Level 1.7 Transmutations


You had 3 spell levels left.
You knew the following spells:

 Your Spells              Type           Power      Damage    Failure   Level
a - Beastly Appendage     Tmut           12%        N/A       100%        1

Your spell library contained the following spells:

 Spells                   Type           Power      Damage    Failure   Level
 Animate Skeleton         Necr           2%         N/A       100%        1
 Pain                     Necr           4%         1d4       100%        1
 Wereblood                Tmut           6%         N/A       100%        2
 Spider Form              Tmut/Pois      4%         N/A       100%        3
 Vampiric Draining        Necr           1%         2d6       100%        3
 Ice Form                 Ice/Tmut       4%         N/A       100%        4


Dungeon Overview and Level Annotations

Branches:
Dungeon (1/15)

Shops:
D:1 *


Innate Abilities, Weirdness & Mutations

You have an increased reservoir of magic. (+10% MP)
You shall have no god before yourself.
Your divine heritage dramatically boosts your attributes as you level up.


Message History

The hobgoblin hits you but does no damage.
The quokka bites you but does no damage.
The hobgoblin barely misses you.
You hit the quokka.
You kill the quokka!
The hobgoblin hits you.
The hobgoblin hits you but does no damage.
You see here 16 gold pieces.
The hobgoblin hits you but does no damage.
The hobgoblin hits you but does no damage.
You hit the hobgoblin.
The hobgoblin is moderately wounded.
The hobgoblin hits you but does no damage.
You barely miss the hobgoblin.
The hobgoblin is moderately wounded.
The hobgoblin hits you but does no damage.
The hobgoblin closely misses you.
You hit the hobgoblin.
You kill the hobgoblin!
You see here a hobgoblin corpse.
You see here a hobgoblin corpse.
You now have 29 gold pieces (gained 16).
You see here a hobgoblin corpse.
Found 4 gold pieces.
Found a hunting sling.
A dart slug comes into view.
Found 13 stones.
A quokka comes into view.
Found a stone staircase leading down.
A ball python comes into view.
The ball python hisses angrily.
The dart slug launches a dart at you.
The slug dart hits you but does no damage.
You barely miss the quokka. The quokka bites you.
* * * LOW HITPOINT WARNING * * *
The quokka bites you but does no damage.
You barely miss the quokka. The quokka bites you.
* * * LOW HITPOINT WARNING * * *
The dart slug bites you.
You die...

##..####.
###..###... #...##
#.#. ##.### #.8. #
###..# ###.
###.#######...## #.
........##..#######
#.
.>.(..w..........).
#.
.....Sr@.#########.
## ........##
........# ....$...#
........# ........#
........# ........#


You could see a dart slug, a quokka and a ball python.

Vanquished Creatures
  2 ball pythons (D:1)
  A goblin (D:1)
  2 hobgoblins (D:1)
  A quokka (D:1)
  2 frilled lizards (D:1)
8 creatures vanquished.

Notes
Turn   | Place    | Note
-------+----------+-------------------------------------------
     0 | D:1      | GigaChad the Demigod Transmuter began the quest for the
                  | Orb.
     0 | D:1      | Reached XP level 1. HP: 15/15 MP: 5/5
   118 | D:1      | Found Nuocza's General Store.
   191 | D:1      | Slain by a dart slug

Illustrated notes

Levels and vault maps discovered:
D:1:      ncdulo_watergridlock, layout_rooms, serial_shops,
          nicolae_shop_statue_plus, chequers_serial_rivers_room_b,
          nicolae_figureground_pulse

Skill      XL: |  1 |
---------------+----+-----
Spellcasting   | 2 |  2.1
Fighting       | |  0.8
Long Blades    | |  0.1
Dodging        | |  1.8
Unarmed Combat | |  2.9
Transmutations | |  1.7

Action                   || total
-------------------------++-------
Melee: Falchion          ||    21
       Unarmed           ||     4
       Punch             ||     1
Armor: Chain mail        ||    28
       Robe              ||     1
Dodge: Dodged            ||    21

Table legend: (Time is in decaauts)
 A = Elapsed time spent in this place.
 B = Non-inter-level travel time spent in this place.
 C = Inter-level travel time spent in this place.
 D = Time resting spent in this place.
 E = Time spent auto-exploring this place.
 F = Levels seen in this place.
 G = Mean time per level.
                   A        B        C        D        E       F      G
               +--------+--------+--------+--------+--------+-----+--------+
         Total |    198 |    194 |      4 |      0 |      0 |   1 |  198.0 |
       Dungeon |    198 |    194 |      4 |      0 |      0 |   1 |  198.0 |
               +--------+--------+--------+--------+--------+-----+--------+

Top non-repeatable levels by time:
     D:1: 198 daAuts
